 Dungeon Crawl Stone Soup version 0.32-a0-616-g9348d4545b (webtiles) character file.

Game seed: 589959272170867243

67836 Dittersdorf the Tortoise (level 15, -15/103 HPs)
             Began as a Gargoyle Fighter on Mar 5, 2024.
             Was an Initiate of Gozag.
             Demolished by a very large slime creature (26 damage)
             ... on level 12 of the Dungeon.
             The game lasted 00:33:42 (20448 turns).

Dittersdorf the Tortoise (Gargoyle Fighter)        Turns: 20448, Time: 00:33:43

Health: -15/103    AC: 32    Str: 38    XL:     15   Next: 24%
Magic:  15/15      EV:  9    Int:  6    God:    Gozag
Gold:   1587       SH: 23    Dex: 14    Spells: 14/14 levels left

rFire   + . .        n - +5 whip "Reubb" {heavy, Str+4}
rCold   + . .        H - +0 tower shield {reflect}
rNeg    + . .        e - +2 chain mail {rC+}
rPois   ∞            c - +1 helmet of the Little Devil {rF+ Dex+2}
rElec   +            J - +0 cloak
rCorr   .            D - +0 pair of gloves of the Sandy God {Will+ Regen+}
SInv    +            B - +2 pair of boots
Will    +++..        w - amulet of Darkness {Reflect Dex+3 Slay+2 SH+5 Stlth+} Stlth
                     s - ring of see invisible
HPRegen 1.17/turn    L - ring "Wonlelie" {rElec Will+ Str+6 Int-2}
MPRegen 0.14/turn

%: reflection
@: corroded, flying
A: sickness immunity, AC +11, big wings, negative energy resistance 1,
electricity resistance, torment resistance 1, petrification resistance
a: Renounce Religion, Potion Petition, Call Merchant, Bribe Branch


You were on level 12 of the Dungeon.
You worshipped Gozag.
Gozag was most pleased with you.
You visited 3 branches of the dungeon, and saw 18 of its levels.
You also visited: Ossuary, Bailey, Gauntlet and Volcano.

You collected 7547 gold pieces.
You spent 833 gold pieces at shops.
You paid 5127 gold pieces to Gozag.

Inventory:

Hand Weapons
 n - the +5 whip "Reubb" (weapon) {heavy, Str+4}
   (You found it on level 2 of the Dungeon)

   Str+4:     It affects your strength (+4).
 C - a +0 morningstar
Armour
 c - the +1 helmet of the Little Devil (worn) {rF+ Dex+2}
   (You bought it in a shop on level 1 of the Dungeon)

   Dex+2:     It affects your dexterity (+2).
   rF+:       It protects you from fire.
 e - a +2 chain mail of cold resistance (worn)
 B - a +2 pair of boots (worn)
 D - the +0 pair of gloves of the Sandy God (worn) {Will+ Regen+}
   (You found it in a Gauntlet)

   Will+:     It increases your willpower.
   Regen+:    It increases your rate of health regeneration.
 H - a +0 tower shield of reflection (worn)
 J - a +0 cloak (worn)
Jewellery
 g - a ring of resist corrosion
 i - a ring of wizardry
 l - a ring of protection from cold
 s - a ring of see invisible (left hand)
 w - the amulet of Darkness (around neck) {Reflect Dex+3 Slay+2 SH+5 Stlth+}
   (You acquired it in an ossuary)

   [amulet of reflection]

   Reflect:   It reflects blocked missile attacks.
   Dex+3:     It affects your dexterity (+3).
   Slay+2:    It affects your accuracy & damage with ranged weapons and melee
   (+2).
   SH+5:      It affects your SH (+5).
   Stlth+:    It makes you more stealthy.
 K - an amulet of regeneration
 L - the ring "Wonlelie" (right hand) {rElec Will+ Str+6 Int-2}
   (You found it in a Gauntlet)

   [ring of willpower]

   Str+6:     It affects your strength (+6).
   Int-2:     It affects your intelligence (-2).
   rElec:     It insulates you from electricity.
   Will+:     It increases your willpower.
Wands
 u - a wand of iceblast (5) (quivered)
 E - a wand of digging (8)
 F - a wand of paralysis (4)
Scrolls
 a - 2 scrolls of brand weapon
 f - 2 scrolls of revelation
 h - 6 scrolls of enchant armour
 m - 6 scrolls of teleportation
 p - 3 scrolls of immolation
 x - 2 scrolls of identify
 y - 3 scrolls of blinking
 A - 3 scrolls of fear
 M - a scroll of poison
Potions
 b - 5 potions of brilliance
 j - 12 potions of heal wounds
 k - 2 potions of enlightenment
 o - a potion of invisibility
 q - 8 potions of mutation
 r - 12 potions of curing
 t - 2 potions of resistance
 v - 7 potions of ambrosia
 z - 2 potions of might
 G - 2 potions of haste
 I - a potion of magic
 O - 2 potions of cancellation
Miscellaneous
 d - a lightning rod (4/4)
 N - a tin of tremorstones (2/2)


   Skills:
 + Level 15.0 Fighting
 + Level 13.6 Maces & Flails
 + Level 15.0 Armour
 + Level 14.9 Shields


You had 14 spell levels left.
You didn't know any spells.
Your spell library contained the following spells:

 Spells                   Type           Power      Damage    Failure   Level
 Apportation              Tloc           0%         N/A       90%         1
 Necrotise                Necr           0%         1d4       90%         1
 Sting                    Conj/Alch      0%         1d3       90%         1
 Summon Small Mammal      Summ           0%         N/A       90%         1
 Mercury Vapours          Alch/Air       0%         N/A       97%         2
 Fugue of the Fallen      Necr           0%         N/A       99%         3
 Gell's Gravitas          Tloc           0%         N/A       99%         3
 Inner Flame              Hex/Fire       0%         N/A       99%         3
 Mephitic Cloud           Conj/Alch/Air  0%         N/A       99%         3
 Ozocubu's Armour         Ice            0%         N/A       99%         3
 Teleport Other           Tloc           0%         N/A       99%         3
 Leda's Liquefaction      Alch/Erth      0%         N/A       100%        4
 Manifold Assault         Tloc           0%         N/A       100%        4
 Passage of Golubria      Tloc           0%         N/A       100%        4
 Summon Blazeheart Golem  Fire/Summ      0%         N/A       100%        4
 Borgnjor's Vile Clutch   Necr/Erth      0%         N/A       100%        5
 Freezing Cloud           Conj/Ice/Air   0%         6-21      100%        5
 Irradiate                Conj/Alch      0%         3d11      100%        5
 Lee's Rapid Deconstruct  Erth           0%         3d4*      100%        5
 Silence                  Hex/Air        0%         N/A       100%        5
 Bombard                  Conj/Erth      0%         9d1       100%        6
 Death Channel            Necr           0%         N/A       100%        6
 Dispersal                Tloc           0%         N/A       100%        6
 Orb of Destruction       Conj           0%         9d5       100%        7
 Spellforged Servitor     Conj/Summ      0%         N/A       100%        7
 Ignition                 Fire           0%         3d3       100%        8
 Lehudib's Crystal Spear  Conj/Erth      0%         10d2      100%        8
 Animate Dead             Necr           Unusable   N/A       N/A         4

Dungeon Overview and Level Annotations

Branches:
Dungeon (12/15)            Temple (1/1) D:5            Lair (5/5) D:8
 Shoals (0/4) Lair:3        Snake (0/4) Lair:2        Slime (0/5) Lair:5
    Orc (0/2) D:9         Ossuary (visited)          Bailey (visited)
Volcano (visited)         Gauntlet (visited)

Altars:
Ashenzari
Cheibriados
Dithmenos
Elyvilon
Fedhas
Gozag
Hepliaklqana
Kikubaaqudgha
Makhleb
Nemelex Xobeh
Okawaru
Qazlal
Ru
Sif Muna
Trog
Uskayaw
Vehumet
Wu Jian
Xom
Yredelemnul
Zin
The Shining One
Beogh
Jiyva

Shops:
D:1 *!=*=[   D:7 [   D:9 ?   D:10 *


Innate Abilities, Weirdness & Mutations

You are immune to sickness and miasma.
Your stone body is resilient. (AC +11)
You are immune to poison.
Your large and strong wings let you fly.
You resist negative energy. (rN+)
You are resistant to electric shocks. (rElec)
You are resistant to unholy torment.
You are immune to petrification.


Message History

You are too injured to fight recklessly!
You are too injured to fight recklessly!
You are too injured to fight recklessly!
You are too injured to fight recklessly!
You are too injured to fight recklessly!
You are too injured to fight recklessly!
You are too injured to fight recklessly!
You are too injured to fight recklessly!
You thrash the very large slime creature!!
The very large slime creature is moderately wounded.
You barely miss the very large slime creature.
The very large slime creature is moderately wounded.
You block the very large slime creature's attack.
You hit the very large slime creature.
The very large slime creature is moderately wounded.
The very large slime creature hits you!!!
* * * LOW HITPOINT WARNING * * *
You thrash the very large slime creature!!
The very large slime creature is heavily wounded.
You block the very large slime creature's attack.
You thrash the very large slime creature!!
The very large slime creature is severely wounded.
You block the very large slime creature's attack.
The very large slime creature attacks as it pursues you!
The very large slime creature completely misses you.
The acid dragon spits acid at you. The splash of acid hits you.
* * * LOW HITPOINT WARNING * * *
The acid corrodes you!
The very large slime creature attacks as it pursues you!
You block the very large slime creature's attack.
The very large slime creature attacks as it pursues you!
The very large slime creature closely misses you.
The very large slime creature attacks as it pursues you!
The very large slime creature hits you!!
* * * LOW HITPOINT WARNING * * *
The very large slime creature attacks as it pursues you!
The very large slime creature hits you!!
You die...
Your body crumbles into a pile of gold.

##########
######......).#################
##...##...####.........>........
#≈.≈..#...################..####
##≈.≈.........#############..#
..≈.≈......)....@J...D.......#
##≈≈≈........<############...#
##...##...#### ####...####
######...# #.....D....
#......######## #.##.#.####
#.###.......... # #.#.# #.#
#.########. #.#.#### #.# #.#
#.#...D> #####.# #.# #....###


You could see a very large slime creature and an acid dragon.

Vanquished Creatures
  Kirke (Lair:4)
  Gastronok (Lair:1)
  A red draconian (Volcano)
  A minotaur (Gauntlet)
  Snorg (Lair:4)
  Josephine (Lair:4)
  4 hydras
  A centaur warrior (D:11)
  An ogre mage (Volcano)
  An anaconda (Lair:5)
  2 boulder beetles
  2 catoblepae
  Erica (Lair:2)
  7 two-headed ogres
  2 death scarabs (Gauntlet)
  8 death yaks
  Urug (Lair:3)
  A spectral death yak (Gauntlet)
  A spectral hydra (Gauntlet)
  2 glowing orange brains (Gauntlet)
  An orc knight (Bailey)
  2 ugly things
  A cyclops (D:11)
  A manticore (D:11)
  3 black mambas
  20 elephants
  Maggie (D:7)
  11 cane toads
  A torpor snail (Lair:4)
  2 komodo dragons
  2 rime drakes (Lair:3)
  A queen bee (Lair:2)
  A kobold demonologist (D:12)
  6 hornets
  3 polar bears (Lair:5)
  3 trolls
  A spectral dream sheep (Gauntlet)
  12 blink frogs
  3 slime creatures
  4 dream sheep
  2 shadows
  2 wyverns (Lair:2)
  15 spriggans (Lair:5)
  A vampire (D:12)
  6 wraiths
  46 yaks
  2 hogs (Lair:4)
  A steam dragon (D:9)
  2 vampire mosquitoes (D:12)
  The ghost of ASSMAN the Shooter, an amateur CoHu (D:3)
  An acid dragon (D:9)
  20 water moccasins
  A naga (Lair:2)
  4 ice beasts
  7 orc warriors
  6 black bears
  A sky beast (D:6)
  6 centaurs
  3 boggarts (Lair:5)
  3 ogres
  17 wolves (Lair:5)
  2 phantoms
  2 kobold brigands
  16 bullfrogs
  4 scorpions
  4 wights (D:9)
  33 killer bees
  8 howler monkeys
  An electric eel (Lair:2)
  2 bombardier beetles
  A hound (D:5)
  A gnoll bouda (D:7)
  3 human zombies (Ossuary)
  5 jellies
  12 orc priests
  Terence (D:3)
  3 iguanas
  10 orc wizards
  A sleepcap (D:5)
  3 hound zombies (Ossuary)
  4 mummies (Ossuary)
  4 gnolls (D:7)
  6 adders
  2 shadow imps
  3 white imps
  2 ufetubi (D:7)
  An adder zombie (Ossuary)
  3 dart slugs
  44 orcs
  6 ball pythons
  8 endoplasms
  3 giant cockroaches
  2 hobgoblins
  4 jackals (D:4)
  3 quokkas
  2 bats
  3 frilled lizards
  12 goblins
  A goblin zombie (Ossuary)
  A hobgoblin zombie (Ossuary)
  18 kobolds
  A kobold zombie (Ossuary)
  An orc zombie (Ossuary)
  4 rats
  A rat zombie (Ossuary)
517 creatures vanquished.

Vanquished Creatures (others)
  4 humans (Lair:4)
  An orc warrior (D:6)
  An orc wizard (D:6)
6 creatures vanquished.

Grand Total: 523 creatures vanquished

Notes
Turn   | Place    | Note
-------+----------+-------------------------------------------
     0 | D:1      | Dittersdorf the Gargoyle Fighter began the quest for the
                  | Orb.
     0 | D:1      | Reached XP level 1. HP: 14/14 MP: 1/1
   122 | D:1      | Reached XP level 2. HP: 19/19 MP: 2/2
   644 | D:2      | Identified the +5 whip "Reubb" {heavy, Str+4}
   775 | D:2      | Reached XP level 3. HP: 23/23 MP: 3/3
  1245 | D:2      | Found a hide-covered altar of Uskayaw.
  1402 | D:3      | Reached XP level 4. HP: 29/29 MP: 4/4
  1706 | D:3      | Found a runed translucent door.
  1720 | D:3      | Noticed ASSMAN's ghost (amateur CoHu)
  1720 | D:3      | Noticed an ice beast
  1812 | D:3      | Noticed Terence
  1823 | D:3      | Killed Terence
  2134 | D:3      | Found a faded altar of an unknown god.
  2190 | D:3      | Killed ASSMAN's ghost
  2191 | D:3      | Reached XP level 5. HP: 22/34 MP: 5/5
  2194 | D:3      | Killed an ice beast
  2195 | D:3      | Reached XP level 6. HP: 27/39 MP: 6/6
  2290 | D:4      | Found a snail-covered altar of Cheibriados.
  2507 | D:4      | Noticed a black bear
  2512 | D:4      | Killed a black bear
  2513 | D:4      | Reached skill level 5 in Fighting
  2513 | D:4      | Reached skill level 5 in Armour
  2513 | D:4      | Reached skill level 5 in Shields
  2758 | D:4      | Reached XP level 7. HP: 42/44 MP: 7/7
  2789 | D:4      | Found a shadowy altar of Dithmenos.
  2976 | D:4      | Found a bloodstained altar of Trog.
  3149 | D:5      | Entered Level 5 of the Dungeon
  3650 | D:5      | You fall into a shaft and drop 1 floor!
  3659 | D:5      | Identified a scroll of acquirement
  3659 | D:5      | Acquired 1342 gold pieces
  4002 | D:5      | Reached XP level 8. HP: 51/51 MP: 8/8
  4039 | D:5      | Found a staircase to the Ecumenical Temple.
  4139 | Temple   | Entered the Ecumenical Temple
  4180 | Temple   | Became a worshipper of Gozag Ym Sagoz the Greedy
  4406 | D:6      | Reached skill level 5 in Maces & Flails
  5056 | D:6      | Reached XP level 9. HP: 46/56 MP: 9/9
  5442 | D:7      | Found a sand-covered staircase.
  5459 | Ossuary  | Entered an ossuary
  5546 | Ossuary  | Acquired the amulet of Darkness {Reflect Dex+3 Slay+2 SH+5
                  | Stlth+}
  5559 | Ossuary  | Acquired 763 gold pieces
  5842 | D:7      | Found a flagged portal.
  5863 | Bailey   | Entered a bailey
  6142 | Bailey   | Noticed an orc knight
  6168 | Bailey   | Killed an orc knight
  6184 | Bailey   | Reached XP level 10. HP: 20/64 MP: 10/10
  6574 | D:7      | Found Pizerauc's Armour Shoppe.
  6580 | D:7      | Noticed Maggie
  6601 | D:7      | Killed Maggie
  7130 | D:8      | Found a staircase to the Lair.
  7345 | D:8      | Found an iron altar of Okawaru.
  7671 | D:8      | Found a blossoming altar of Fedhas.
  7756 | D:8      | Found a hide-covered altar of Uskayaw.
  8253 | D:9      | Reached XP level 11. HP: 54/71 MP: 11/11
  8555 | D:9      | Found a staircase to the Orcish Mines.
  8573 | D:9      | Found a roughly hewn altar of Beogh.
  8801 | D:9      | Found Fepnuni's Magic Scroll Shop.
  8874 | D:9      | Reached skill level 10 in Fighting
  8874 | D:9      | Reached skill level 10 in Armour
  8879 | D:9      | Reached skill level 10 in Shields
  9266 | D:10     | Entered Level 10 of the Dungeon
  9497 | D:10     | Found Zin's Purification Station.
  9500 | D:10     | Found a glowing silver altar of Zin.
 10114 | Lair:1   | Entered Level 1 of the Lair of Beasts
 10114 | Lair:1   | Noticed Gastronok
 10237 | Lair:1   | Killed Gastronok
 10556 | Lair:1   | Noticed a six-headed hydra
 10566 | Lair:1   | Killed a six-headed hydra
 11397 | Lair:2   | Noticed a six-headed hydra
 11399 | Lair:2   | Reached XP level 12. HP: 78/79 MP: 12/12
 11464 | Lair:2   | Killed a six-headed hydra
 11465 | Lair:2   | Reached skill level 10 in Maces & Flails
 11748 | Lair:2   | Noticed Erica
 11762 | Lair:2   | Killed Erica
 11840 | Lair:2   | Found a staircase to the Snake Pit.
 11978 | Lair:2   | Identified the +0 robe "Qyantiud" {Harm *Corrode rN+
                  | Archmagi}
 11993 | Lair:2   | Found a shadowy altar of Dithmenos.
 12431 | Lair:3   | Found a staircase to the Shoals.
 12476 | Lair:3   | Noticed a death yak
 12478 | Lair:3   | Noticed a death yak
 12485 | Lair:3   | Noticed a death yak
 12492 | Lair:3   | Killed a death yak
 12529 | Lair:2   | Killed a death yak
 12694 | Lair:2   | Killed a death yak
 12839 | Lair:3   | Noticed a boulder beetle
 13053 | Lair:2   | Reached XP level 13. HP: 63/86 MP: 13/13
 13936 | Lair:3   | Noticed Urug
 13947 | Lair:3   | Killed Urug
 14451 | Lair:4   | Noticed Snorg
 14478 | Lair:4   | Killed Snorg
 14741 | Lair:4   | Noticed Josephine
 14770 | Lair:4   | Killed Josephine
 15006 | Lair:4   | Noticed Kirke
 15026 | Lair:4   | Killed Kirke
 15706 | Lair:5   | Entered Level 5 of the Lair of Beasts
 15722 | Lair:4   | Gained mutation: Your large and strong wings let you fly.
                  | [Gargoyle growth]
 15722 | Lair:4   | Reached XP level 14. HP: 69/94 MP: 14/14
 15882 | Lair:5   | Found a gate leading to a gauntlet.
 15891 | Gauntlet | Entered a Gauntlet
 15891 | Gauntlet | Found a transporter.
 15891 | Gauntlet | Found a transporter.
 15891 | Gauntlet | Found a transporter.
 15900 | Gauntlet | Found a transporter.
 15910 | Gauntlet | Found a transporter.
 15925 | Gauntlet | Found a transporter.
 15950 | Gauntlet | Found a transporter.
 15959 | Gauntlet | Found a transporter.
 15965 | Gauntlet | Found a transporter.
 15988 | Gauntlet | Found a transporter.
 15993 | Gauntlet | Found a transporter.
 15997 | Gauntlet | Found a transporter.
 16148 | Gauntlet | Identified the +0 pair of gloves of the Sandy God {Will+
                  | Regen+}
 16254 | Gauntlet | Identified the +6 war axe "Wesov" {freeze, rF+ Will+ Str+6}
 16270 | Gauntlet | Identified the ring "Wonlelie" {rElec Will+ Str+6 Int-2}
 16270 | Gauntlet | Identified the staff of the Kissing Fulmar {^Contam Conj
                  | Summ Earth}
 16293 | Lair:5   | Found a dark tunnel.
 16298 | Volcano  | Entered a volcano
 16354 | Volcano  | Noticed a red draconian
 16355 | Volcano  | Found a burning altar of Makhleb.
 16549 | Volcano  | Killed a red draconian
 16885 | Lair:5   | Found a viscous altar of Jiyva.
 16888 | Lair:5   | Found a staircase to the Slime Pits.
 18053 | Lair:5   | Reached XP level 15. HP: 101/101 MP: 15/15
 19336 | D:1      | Bought a glowing tower shield for 180 gold pieces
 19347 | D:1      | Bought a glimmering helmet for 228 gold pieces
 19347 | D:1      | Identified the +1 helmet of the Little Devil {rF+ Dex+2}
                  | (You bought it in a shop on level 1 of the Dungeon)
 19358 | D:1      | Bought a shiny chain mail for 180 gold pieces
 19374 | D:1      | Bought a potion of heal wounds for 70 gold pieces
 19374 | D:1      | Bought a potion of heal wounds for 70 gold pieces
 19376 | D:1      | Bought a scroll of enchant armour for 105 gold pieces
 20326 | D:12     | Reached skill level 15 in Armour
 20420 | D:12     | Reached skill level 15 in Fighting
 20443 | D:12     | HP: 5/103 [very large slime creature (18)]
 20448 | D:12     | Demolished by a very large slime creature

Illustrated notes

Levels and vault maps discovered:
D:1:      orjb1_clovarrival, layout_basic, kennysheep_flooded_box,
          grunt_decor_junction, minmay_misc_feat_secret_circle
D:2:      layout_rooms, basic_altar, chequers_big_river
D:3:      layout_loops_ring, shapermc_ecumenical_altar_mp_vishouse,
          ebering_ghost_inner_flame, nrook_uturn, kennysheep_cross_room,
          grunt_decor_cap, uniq_terence
D:4:      layout_gridville, grunt_dithmenos_smoke,
          mainiacjoe_overflow_small_starburst, bloody_trog
D:5:      layout_basic, minmay_temple_entry_wispy, serial_aquarium,
          aquarium_bridge_island_small [aquarium_subvault_small_open,
          aquarium_subvault_bridge, aquarium_subvault_bridge,
          aquarium_subvault_bridge, aquarium_subvault_window],
          aquarium_bridge_square [aquarium_subvault_window,
          aquarium_subvault_wall, aquarium_subvault_balcony,
          aquarium_subvault_bridge], aquarium_window_corner,
          aquarium_window_fake, aquarium_window_2, aquarium_view_2b,
          aquarium_view_2d, aquarium_balcony_double_3, aquarium_pool_1
D:6:      minmay_chambers_of_fours, layout_gridville
D:7:      layout_basic, lightli_ossuary_entry_decrepit_ruins, serial_shops,
          nicolae_shop_gibbet_a_chance, enter_bailey_5, uniq_maggie
D:8:      layout_loops_corners, fedhas_ov_isle_minmay, okawaru_trees_1,
          mainiacjoe_overflow_boulevard, due_lair_maze_entry_diamond,
          kennysheep_generic_room_4
D:9:      layout_irregular_city, minmay_orc_entry_temple_small, serial_shops,
          shop_scrolls, uniq_prince_ribbit1
D:10:     layout_irregular_city, zin_purify, minmay_misc_feat_nine_boxes
D:11:     layout_loops_ring
D:12:     layout_loops_ring, chequers_serial_rivers_micro_d,
          nicolae_vehumet_radiance
Temple:   regret_index_temple_generic_petals
Lair:1:   layout_layer_cave, grunt_megastairs_1, lemuel_fruit_fields,
          uniq_gastronok
Lair:2:   layout_cave_shapes, guppyfry_snake_entry_garden, basic_altar,
          special_room [special_room_bee], serial_bayou_shore_a,
          lemuel_fruit_tree, uniq_erica
Lair:3:   layout_gridlike, minmay_shoals_entry_centaurs, grunt_megastairs_2,
          uniq_urug
Lair:4:   layout_roguey, dreamdust_mushroom_princess, uniq_snorg, uniq_kirke,
          uniq_josephine
Lair:5:   minmay_lair_end_enchanted_forest, layout_long_grid,
          minmay_slime_entry_pillars, enter_volcano_4, gauntlet_entry_generic,
          hangedman_lair_generics_rect

Skill      XL: |  1  2  3  4  5  6  7  8  9 10 11 12 13 14 15 |
---------------+----------------------------------------------+-----
Fighting       | 4 5 6 8 9 10 12 13 14 15 | 15.0
Armour         | 4 5 6 8 9 11 12 13 14 15 | 15.0
Shields        | 4 5 6 8 9 10 12 13 14 | 14.9
Maces & Flails | 3 4 5 7 8 9 11 12 13 | 13.6

Action                     |  1- 3 |  4- 6 |  7- 9 | 10-12 | 13-15 || total
---------------------------+-------+-------+-------+-------+-------++-------
  Melee: Whip              |    86 |    63 |   356 |   692 |  1247 ||  2444
         Flail             |     7 |       |       |       |       ||     7
         Unarmed           |       |       |       |    15 |       ||    15
 Invoke: Call Merchant     |       |       |       |       |     6 ||     6
  Evoke: Wand              |       |       |       |    26 |     2 ||    28
    Use: Potion            |       |     1 |       |     1 |     6 ||     8
         Scroll            |       |     7 |     8 |    14 |     4 ||    33
   Stab: Distracted        |       |       |     3 |     1 |     5 ||     9
         Sleeping          |       |       |       |     6 |     6 ||    12
 Armour: Scale mail        |    46 |       |       |       |       ||    46
         Chain mail        |    25 |    68 |   329 |       |    22 ||   444
         Shadow dragon sca |       |       |       |   629 |   575 ||  1204
         Skin              |       |       |       |    20 |       ||    20
  Dodge: Dodged            |    43 |    28 |   181 |   437 |   415 ||  1104
  Block: Buckler           |    15 |    17 |   210 |   565 |   571 ||  1378
         Other             |       |       |       |     8 |       ||     8
         Reflection        |       |       |       |     3 |     5 ||     8
         Tower shield      |       |       |       |       |    76 ||    76

Table legend: (Time is in decaauts)
 A = Elapsed time spent in this place.
 B = Non-inter-level travel time spent in this place.
 C = Inter-level travel time spent in this place.
 D = Time resting spent in this place.
 E = Time spent auto-exploring this place.
 F = Levels seen in this place.
 G = Mean time per level.
                   A        B        C        D        E       F      G
               +--------+--------+--------+--------+--------+-----+--------+
         Total |  20386 |  19259 |   1127 |   3595 |   9955 |  22 |  926.6 |
       Dungeon |  10954 |  10112 |    842 |   1021 |   6439 |  12 |  912.8 |
        Temple |     83 |      2 |     81 |      0 |      0 |   1 |   83.0 |
          Lair |   7732 |   7529 |    203 |   2176 |   3490 |   5 | 1546.4 |
       Ossuary |    229 |    229 |      0 |      0 |     16 |   1 |  229.0 |
        Bailey |    606 |    606 |      0 |    252 |     10 |   1 |  606.0 |
       Volcano |    382 |    382 |      0 |    146 |      0 |   1 |  382.0 |
      Gauntlet |    397 |    397 |      0 |      0 |      0 |   1 |  397.0 |
               +--------+--------+--------+--------+--------+-----+--------+

Top non-repeatable levels by time:
  Lair:5: 2189 daAuts
  Lair:2: 1785 daAuts
  Lair:4: 1334 daAuts
  Lair:3: 1296 daAuts
     D:8: 1256 daAuts
  Lair:1: 1127 daAuts
     D:9: 1118 daAuts
     D:4: 1103 daAuts
     D:6: 1090 daAuts
     D:7: 1013 daAuts
     D:1: 994 daAuts
     D:5: 973 daAuts
     D:3: 959 daAuts
    D:10: 821 daAuts
     D:2: 770 daAuts
